 Dungeon Crawl Stone Soup version 0.30.1 (webtiles) character file.

Game seed: 16743031332396152426

128 Wiggles the Chopper (level 4, 0/61 HPs)
             Began as a Minotaur Berserker on July 13, 2023.
             Was a Believer of Trog.
             Slain by an orc wizard
             ... wielding a +0 dagger
              (1 damage)
             ... on level 3 of the Dungeon.
             The game lasted 00:03:39 (2001 turns).

Wiggles the Chopper (Minotaur Berserker)            Turns: 2001, Time: 00:03:40

Health: 0/61       AC: 12    Str: 23    XL:     4   Next: 87%
Magic:  0/3        EV:  7    Int:  4    God:    Trog [**....]
Gold:   169        SH:  0    Dex: 10    Spells: 3/3 levels left

rFire   . . .        a - +0 hand axe
rCold   . . .        (no shield)
rNeg    . . .        h - +0 plate armour
rPois   .            (helmet restricted)
rElec   .            (no cloak)
rCorr   .            e - +0 pair of gloves
SInv    .            (no boots)
Will    .....        b - amulet of guardian spirit Stlth
                     (no ring)
HPRegen 0.30/turn    (no ring)
MPRegen 0.08/turn

%: guardian spirit
@: berserking (expiring), very quick
A: horns 2, retaliatory headbutt
a: Renounce Religion, Berserk, Trog's Hand


You were on level 3 of the Dungeon.
You worshipped Trog.
Trog was pleased with you.
You visited 1 branch of the dungeon, and saw 3 of its levels.

You collected 169 gold pieces.

Inventory:

Hand Weapons
 a - a +0 hand axe (weapon)
Armour
 e - a +0 pair of gloves (worn)
 h - a +0 plate armour (worn)
Jewellery
 b - an amulet of guardian spirit (around neck)
Scrolls
 c - 2 scrolls of identify {unknown}
 g - a scroll of blinking {unknown}
 i - a scroll of vulnerability {unknown}
 k - a scroll of poison {unknown}
 l - a scroll of immolation {unknown}
Potions
 d - 4 potions of mutation {unknown}
 f - a potion of might {unknown}
 j - a potion of curing {unknown}


   Skills:
 + Level 4.5 Fighting
 + Level 5.6 Axes
 + Level 3.2 Armour
 + Level 2.4 Dodging


You had 3 spell levels left.
You didn't know any spells.
Your spell library was empty.

Dungeon Overview and Level Annotations

Branches:
Dungeon (3/15)

Altars:
Gozag


Innate Abilities, Weirdness & Mutations

You have a pair of horns on your head.
You reflexively headbutt those who attack you in melee.


Message History

The orc priest mumbles some strange prayers to Beogh against you.
Beogh smites you!
You slash the frilled lizard!
You kill the frilled lizard!
Trog accepts your kill.
An orc wizard comes into view. It is wielding a +0 dagger.
The orc wizard shouts!
An orc comes into view. It is wielding a +0 club.
The orc wizard moves out of view.
You see here a frilled lizard corpse.
The orc priest invokes the aid of Beogh against you.
Beogh smites you!
* * * LOW HITPOINT WARNING * * *
You hear a shout!
A red film seems to cover your vision as you go berserk!
You feel yourself moving faster!
You feel mighty! The orc priest barely misses you.
An orc comes into view. It is wielding a +0 club.
You slice the orc priest!!
You kill the orc priest!
Trog accepts your kill.
You barely miss the orc wizard.
The orc wizard hits you but does no damage.
The orc wizard hits you but does no damage.
Things that are here:
a +1 dagger of freezing; a +0 scale mail; an orc corpse A bat comes into view.
You feel a strong urge to attack something.
A rat comes into view.
Found an escape hatch in the floor.
The orc shouts!
The orc hits you with a +0 club.
* * * LOW HITPOINT WARNING * * *
You barely miss the orc. You hit the orc wizard. You slash the orc!
You kill the orc!
Trog accepts your kill.
You hit the orc wizard. You hit the bat. The bat barely misses you.
The orc wizard hits you with a +0 dagger.
You die...

.##...............##
###...............# #
.##>......#......## .# #
...#.....###.....###.#..
##.......###............
##..........[..........
#.).....#....†.....>..
#...........<...b.....
#...........)o@)...o..
#.#....########.......
#.#....# .......
..#....# .......
..##....# >..##r. #.#
##.### ...# . #. ...
.... .. ... ..... ..


You could see an orc wizard, an orc, a bat and a rat.

Vanquished Creatures
  An orc priest (D:3)
  Jessica (D:3)
  3 adders (D:2)
  A worm (D:2)
  A dart slug (D:1)
  An orc (D:3)
  5 endoplasms
  3 giant cockroaches
  5 goblins
  5 hobgoblins
  6 kobolds
  A quokka (D:2)
  3 ball pythons
  3 bats
  2 frilled lizards (D:3)
  A rat (D:1)
42 creatures vanquished.

Notes
Turn   | Place    | Note
-------+----------+-------------------------------------------
     0 | D:1      | Wiggles the Minotaur Berserker began the quest for the Orb.
     0 | D:1      | Reached XP level 1. HP: 19/19 MP: 0/0
   167 | D:1      | Reached skill level 4 in Axes
   177 | D:1      | Reached XP level 2. HP: 23/27 MP: 1/1
   763 | D:2      | Reached XP level 3. HP: 33/33 MP: 2/2
  1034 | D:2      | Found a faded altar of an unknown god.
  1527 | D:2      | Found an opulent altar of Gozag.
  1536 | D:2      | Reached ** piety under Trog
  1608 | D:2      | Reached skill level 5 in Axes
  1762 | D:2      | Reached XP level 4. HP: 41/41 MP: 3/3
  1895 | D:3      | Noticed Jessica
  1909 | D:3      | Killed Jessica
  1993 | D:3      | HP: 1/41 [orc priest/divine providence (15)]
  1999 | D:3      | HP: 1/61 [orc/+0 club (2)]
  2001 | D:3      | Slain by an orc wizard

Illustrated notes

Levels and vault maps discovered:
D:1:      scummos_arrival_forest, layout_rooms, minmay_splitting_lines
D:2:      layout_basic, basic_altar, nicolae_ecumenical_lake_church
D:3:      layout_rooms, uniq_jessica, uniq_crazy_yiuf_cottage

Skill      XL: |  1  2  3  4 |
---------------+-------------+-----
Axes           | 4 5 |  5.6
Fighting       | 4 |  4.5
Armour         | 3 |  3.2
Dodging        | |  2.4

Action                     |  1- 3 |  4- 6 || total
---------------------------+-------+-------++-------
  Melee: Hand axe          |    96 |    14 ||   110
         Headbutt          |     9 |     1 ||    10
         Punch             |     2 |       ||     2
 Invoke: Berserk           |       |     2 ||     2
 Armour: Animal skin       |     2 |       ||     2
         Chain mail        |    21 |       ||    21
         Plate armour      |    28 |     8 ||    36
  Dodge: Dodged            |    35 |     5 ||    40
